 Dungeon Crawl Stone Soup version 0.22.1-2-g9c5b331 (webtiles) character file.

292 Heatsaber the Shooter (level 6, -4/47 HPs)
             Began as a Centaur Arcane Marksman on Dec 29, 2018.
             Killed from afar by an ogre (27 damage)
             ... with an exploding inner flame
             ... hexed by the player character
             ... on level 3 of the Dungeon.
             The game lasted 00:30:14 (3540 turns).

Heatsaber the Shooter (Centaur Arcane Marksman)     Turns: 3540, Time: 00:30:15

Health: -4/47      AC:  6    Str: 14    XL:     6   Next: 10%
Magic:  7/9        EV:  8    Int: 17    God:
Gold:   175        SH:  0    Dex: 10    Spells: 3/9 levels left

rFire    . . .     SeeInvis .   h - +2 dagger (venom)
rCold    . . .     Gourm    +   (no shield)
rNeg     . . .     Faith    .   b - +0 ring mail
rPois    .         Spirit   .   (no helmet)
rElec    .         Reflect  .   v - +0 cloak
rCorr    .         Harm     .   (no gloves)
MR       .....                  (no barding)
Stlth    ..........             o - amulet of the gourmand
HPRegen  0.15/turn              (no ring)
MPRegen  0.11/turn              (no ring)

@: brilliant, very quick
A: large, hooves 3, deformed body, speed 2, tough skin 3
a: no special abilities


You were on level 3 of the Dungeon.
You were completely stuffed.

You visited 1 branch of the dungeon, and saw 3 of its levels.

You collected 175 gold pieces.

Inventory:

Hand Weapons
 a - a +0 shortbow
 g - a +0 spear
 h - a +2 dagger of venom (weapon)
 n - a +1 dagger of freezing
Armour
 b - a +0 ring mail (worn)
 e - a +0 robe
 v - a +0 cloak (worn)
Jewellery
 o - an amulet of the gourmand (around neck)
Wands
 d - a wand of flame (24)
 u - a wand of random effects (28)
Scrolls
 j - a scroll of fog {unknown}
 k - 2 scrolls of remove curse
 l - 3 scrolls of teleportation
 r - a scroll of random uselessness {unknown}
Potions
 c - a potion of lignification
 p - a potion of heal wounds
 t - a potion of agility
Comestibles
 f - 7 rations


   Skills:
 - Level 1.0 Fighting
 + Level 6.5 Bows
 - Level 1.3 Dodging
 - Level 2.0 Spellcasting
 - Level 3.1 Hexes
 + Level 2.2 Fire Magic


You had 3 spell levels left.
You knew the following spells:

 Your Spells              Type           Power        Failure   Level  Hunger
a - Corona                Hex            ###....      1%          1    #......
b - Slow                  Hex            ###.....     1%          2    ###....
c - Inner Flame           Hex/Fire       ###.....     4%          3    ###....

Your spell library contained the following spells:

 Spells                   Type           Power        Failure   Level  Hunger
 Portal Projectile        Hex/Tloc       ###...       7%          3    ###....
 Cause Fear               Hex            ###.......   12%         4    #####..
 Leda's Liquefaction      Hex/Erth       ###.......   21%         4    #####..


Dungeon Overview and Level Annotations

Branches:
Dungeon (3/15)

Altars:
Makhleb
Xom
Zin
The Shining One

Annotations:
D:3 raph's ghost, amateur DEWz


Innate Abilities, Weirdness & Mutations

You have hooves in place of feet.
Armour fits poorly on your strangely shaped body.
You cover ground very quickly.
You have extremely tough skin. (AC +3)


Message History

Firing (i - inventory)
q - 2 arrows (quivered)
Press: ? - help, Shift-Dir - straight line, f/p - ogre
Aim: an ogre, wielding a slimy dire flail {flame} (heavily wounded, poisoned, You shoot an arrow.
The arrow hits the ogre!
The ogre is severely wounded.
Firing (i - inventory)
q - an arrow (quivered)
Press: ? - help, Shift-Dir - straight line, f/p - ogre
Aim: an ogre, wielding a slimy dire flail {flame} (almost dead, poisoned, inner You shoot an arrow.
The arrow barely misses the ogre.
The ogre looks more healthy.
Wield which item (- for none, * to show all)? (? for menu, Esc to quit)
You don't have any such object.
Wield which item (- for none, * to show all)? (? for menu, Esc to quit)
Your +2 dagger of venom begins to drip with poison!
h - a +2 dagger of venom (weapon)
You hit the ogre. You kick the ogre.
The ogre explodes!
The fiery explosion engulfs you!
Ouch! That really hurt!
You die...

.....))##..#.##.....##.......# #
.....)....)...+......#.......# #
......)###...##......#.......# #
.......# ##..#######.#.....#.# #
.......# #..####....#....>#.# #
###.#.## ##.##......#.#'#.#.## #
#.#.# #>##.§§§.)#.#.#.#..#
###.#.# #.##.§§§#.#...#.##.#
....#.######.##.@§§#.#####.##.#
....#........##....#.......##.#
...##).......##....####.#####'###
.................................
###.#############.#############.#
..#.#...........#.#...........#.#
#.#.#.####.####.#.#.####.####.#.#
..#.#....#.#....#.#....#.#....#.#
###.####.#.#.####.####.#.#.####.#


There were no monsters in sight!

Vanquished Creatures
  Crazy Yiuf (D:3)
  An orc wizard (D:3)
  Terence (D:3)
  Ijyb (D:3)
  Natasha (twice) (D:2)
  A gnoll (D:1)
  5 adders
  2 worms
  3 dart slugs
  2 leopard geckos
  5 orcs (D:3)
  2 giant cockroaches
  11 hobgoblins
  2 jackals (D:2)
  A ball python (D:2)
  8 bats
  5 frilled lizards
  8 goblins
  4 kobolds
  6 rats
71 creatures vanquished.

Notes
Turn   | Place    | Note
-------+----------+-------------------------------------------
     0 | D:1      | Heatsaber the Centaur Arcane Marksman began the quest for
                  | the Orb.
     0 | D:1      | Reached XP level 1. HP: 16/16 MP: 2/2
   130 | D:1      | Reached skill level 3 in Bows
   130 | D:1      | Reached XP level 2. HP: 20/23 MP: 0/4
   139 | D:1      | Learned a level 2 spell: Slow
   887 | D:1      | Reached XP level 3. HP: 23/28 MP: 5/5
   985 | D:2      | Reached skill level 4 in Bows
  1259 | D:2      | Learned a level 3 spell: Inner Flame
  1529 | D:2      | Reached XP level 4. HP: 33/35 MP: 4/7
  1702 | D:2      | Noticed Natasha
  1716 | D:2      | Killed Natasha
  1950 | D:2      | Reached skill level 5 in Bows
  2095 | D:2      | Noticed Natasha
  2108 | D:2      | Killed Natasha
  2252 | D:3      | Noticed Ijyb
  2278 | D:3      | Killed Ijyb
  2278 | D:3      | Reached XP level 5. HP: 28/40 MP: 1/8
  2398 | D:3      | Noticed Terence
  2408 | D:3      | Killed Terence
  2408 | D:3      | Reached skill level 1 in Fire Magic
  2438 | D:3      | Noticed an ogre
  2447 | D:3      | Noticed an ogre
  2451 | D:3      | Noticed raph's ghost (amateur DEWz)
  2517 | D:3      | Reached skill level 6 in Bows
  2919 | D:3      | Found a transporter.
  2934 | D:3      | Found a transporter.
  3078 | D:3      | Found a burning altar of Makhleb.
  3078 | D:3      | Found a glowing golden altar of the Shining One.
  3090 | D:3      | Found a shimmering altar of Xom.
  3093 | D:3      | Found a glowing silver altar of Zin.
  3283 | D:3      | Found a runed door.
  3287 | D:3      | Noticed Crazy Yiuf
  3303 | D:3      | Killed Crazy Yiuf
  3303 | D:3      | Reached XP level 6. HP: 28/47 MP: 9/9
  3540 | D:3      | Killed from afar by an ogre

Skill      XL: |  1  2  3  4  5 |
---------------+----------------+-----
Bows           | 3 4 5 6 |  6.5
Spellcasting   | 2 |  2.0
Hexes          | 3 |  3.1
Fire Magic     | 2 |  2.2
Fighting       | |  1.0
Dodging        | |  1.3

Action                   |  1- 3 |  4- 6 || total
-------------------------+-------+-------++-------
Melee: Spear             |    15 |       ||    15
       Dagger            |    50 |   110 ||   160
       Kick              |     5 |    21 ||    26
 Fire: Shortbow          |    67 |    27 ||    94
 Cast: Corona            |     6 |     4 ||    10
       Slow              |     3 |    12 ||    15
       Inner Flame       |       |     2 ||     2
  Use: Scroll            |       |     5 ||     5
       Potion            |       |     2 ||     2
  Eat: Chunk             |    16 |     6 ||    22
Armor: Ring mail         |    46 |    49 ||    95
Dodge: Dodged            |    35 |    39 ||    74
